 Dungeon Crawl Stone Soup version 0.29.0-4-gdea44cf6ec (webtiles) character file.

Game seed: 3377867737361909633

9 apoch the Shield-Bearer (level 2, -3/26 HPs)
             Began as a Minotaur Fighter on Aug 27, 2022.
             Slain by a kobold
             ... wielding a +4 short sword of freezing
              (7 damage)
             ... on level 1 of the Dungeon.
             The game lasted 00:01:20 (435 turns).

apoch the Shield-Bearer (Minotaur Fighter)           Turns: 435, Time: 00:01:21

Health: -3/26      AC:  6    Str: 20    XL:     2   Next: 6%
Magic:  1/1        EV:  9    Int:  5    God:
Gold:   10         SH:  4    Dex:  9    Spells: 1/1 levels left

rFire   . . .      SeeInvis .   a - +0 war axe
rCold   . . .      Faith    .   c - +0 buckler
rNeg    . . .      Spirit   .   b - +0 scale mail
rPois   .          Reflect  .   (helmet restricted)
rElec   .          Harm     .   (no cloak)
rCorr   .          Rampage  .   (no gloves)
Will    .....                   (no boots)
Stlth   ..........              (no amulet)
HPRegen 0.08/turn               (no ring)
MPRegen 0.07/turn               (no ring)

@: no status effects
A: horns 2, retaliatory headbutt
a: no special abilities


You were on level 1 of the Dungeon.
You visited 1 branch of the dungeon, and saw 1 of its levels.

You collected 10 gold pieces.

Inventory:

Hand Weapons
 a - a +0 war axe (weapon)
Armour
 b - a +0 scale mail (worn)
 c - a +0 buckler (worn)
Potions
 d - a potion of might
 e - a potion of attraction {unknown}
 f - a potion of magic {unknown}


   Skills:
 - Level 3.6 Fighting
 + Level 3.4 Axes
 - Level 3.6 Armour
 - Level 3.6 Shields


You had one spell level left.
You didn't know any spells.
Your spell library was empty.

Dungeon Overview and Level Annotations

Branches:
Dungeon (1/15)

Altars:


Innate Abilities, Weirdness & Mutations

You have a pair of horns on your head.
You reflexively headbutt those who attack you in melee.


Message History

The kobold hits you with a +4 short sword of freezing.
The kobold freezes you.
You closely miss the kobold. Your headbutt misses the kobold.
The kobold is moderately wounded.
You hit the fungus.
A nearby fungus withers and dies.
The kobold hits you with a +4 short sword of freezing.
The kobold freezes you. The kobold completely misses you.
You hit the kobold.
The kobold is severely wounded.
The kobold hits you but does no damage.
You closely miss the kobold. Your headbutt misses the kobold.
The kobold is severely wounded.
The kobold hits you with a +4 short sword of freezing.
The kobold freezes you.
You barely miss the kobold. Your headbutt misses the kobold.
The kobold is severely wounded.
The kobold hits you with a +4 short sword of freezing.
The kobold freezes you.
* * * LOW HITPOINT WARNING * * *
The kobold hits you but does no damage.
You closely miss the kobold.
The kobold is moderately wounded.
You block the kobold's attack.
You closely miss the kobold. Your headbutt misses the kobold.
The kobold is moderately wounded.
The kobold hits you but does no damage.
The kobold hits you with a +4 short sword of freezing.
* * * LOW HITPOINT WARNING * * *
The kobold freezes you.
* * * LOW HITPOINT WARNING * * *
You completely miss the kobold. Your headbutt misses the kobold.
The kobold is moderately wounded.
You block the kobold's attack.
You miss the kobold. Your headbutt misses the kobold.
The kobold is moderately wounded.
You block the kobold's attack.
You closely miss the kobold.
The kobold is moderately wounded.
The kobold hits you with a +4 short sword of freezing!
You die...

###.....#.# #.#....##.#
......##### .......##.#
###.#.# #.#....##.# #.###
#.#..#.##.# #.#
#.........# #.# .#
###.....### #.. ..##
#####.# ### _S##### #.#
PP#.@.# #.# #.#K#.# #.#
#..S#.####### #.#
#8###.#.....#####.#
#....P#...........#
##.#####'#####.###.#######
#..............# #.#
##.#####.......# #.#
#.......# #.#


You could see a ball python and a kobold.

Vanquished Creatures
  A ball python (D:1)
  2 endoplasms (D:1)
  A hobgoblin (D:1)
  3 jackals (D:1)
7 creatures vanquished.

Vanquished Creatures (others)
  4 fungi (D:1)
4 creatures vanquished.

Grand Total: 11 creatures vanquished

Notes
Turn   | Place    | Note
-------+----------+-------------------------------------------
     0 | D:1      | apoch the Minotaur Fighter began the quest for the Orb.
     0 | D:1      | Reached XP level 1. HP: 19/19 MP: 0/0
   346 | D:1      | Reached XP level 2. HP: 26/26 MP: 1/1
   413 | D:1      | Found a faded altar of an unknown god.
   435 | D:1      | Slain by a kobold

Illustrated notes

Levels and vault maps discovered:
D:1:      dpeg_arrival_simpleton_a, layout_loops_corners,
          shapermc_ecumenical_altar_ellora

Skill      XL: |  1 |
---------------+----+-----
Axes           | 3 |  3.4
Fighting       | |  3.6
Armour         | |  3.6
Shields        | |  3.6

Action                   || total
-------------------------++-------
Melee: War axe           ||    22
       Headbutt          ||     2
Throw: Stone             ||     4
Armor: Scale mail        ||     4
Dodge: Dodged            ||     2
Block: Buckler           ||     7
